 Dungeon Crawl Stone Soup version 0.24-a0-228-g05560da (webtiles) character file.

Game seed: 13658272714499741188

70 gruber the Cudgeler (level 4, -1/29 HPs)
             Began as a Gargoyle Fighter on Apr 1, 2019.
             Slain by a goblin (3 damage)
             ... led by Robin
             ... on level 2 of the Dungeon.
             The game lasted 00:01:22 (615 turns).

gruber the Cudgeler (Gargoyle Fighter)               Turns: 615, Time: 00:01:23

Health: -1/29      AC: 10    Str: 19    XL:     4   Next: 22%
Magic:  4/4        EV:  7    Int: 10    God:
Gold:   0          SH:  9    Dex:  9    Spells: 3/3 levels left

rFire    . . .     SeeInvis .   a - +0 flail
rCold    . . .     Gourm    .   c - +0 shield
rNeg     + . .     Faith    .   b - +0 scale mail
rPois    ∞         Spirit   .   (no helmet)
rElec    +         Reflect  .   (no cloak)
rCorr    .         Harm     .   (no gloves)
MR       .....                  (no boots)
Stlth    ..........             (no amulet)
HPRegen  0.09/turn              (no ring)
MPRegen  0.09/turn              (no ring)

@: no status effects
A: negative energy resistance 1, electricity resistance, unbreathing,
petrification resistance, rot immunity, AC +3
a: no special abilities


You were on level 2 of the Dungeon.
You were not hungry.

You visited 1 branch of the dungeon, and saw 2 of its levels.

Inventory:

Hand Weapons
 a - a +0 flail (weapon)
Armour
 b - a +0 scale mail (worn)
 c - a +0 shield (worn)
Scrolls
 e - a scroll of identify {unknown}
 g - a scroll of remove curse {unknown}
 i - a scroll of teleportation {unknown}
 j - a scroll of magic mapping {unknown}
Potions
 d - a potion of might
 h - a potion of curing {unknown}
Comestibles
 f - 4 rations


   Skills:
 * Level 3.7 Fighting
 - Level 4.0 Maces & Flails
 - Level 3.2 Armour
 - Level 3.2 Shields


You had 3 spell levels left.
You didn't know any spells.
Your spell library was empty.

Dungeon Overview and Level Annotations

Branches:
Dungeon (2/15)

Altars:

Annotations:
D:2 Robin, Terence


Innate Abilities, Weirdness & Mutations

You are resistant to torment.
Your stone body is resilient. (AC +3)
You are immune to poison.
You resist negative energy. (rN+)
You are resistant to electric shocks. (rElec)
You can survive without breathing.
You are immune to petrification.
You are immune to rotting.


Message History

You kill the hobgoblin!
Robin's bangles clink loudly.
The goblin hits you but does no damage. x3; You block the goblin's attack.
Your shield prevents you from hitting the goblin.
You block the goblin's attack.
A goblin comes into view. It is wielding a +0 dagger.
The goblin hits you but does no damage. The goblin barely misses you.
You block the goblin's attack.
You sock the goblin!
You kill the goblin!
A goblin comes into view. It is wielding a +0 club.
The goblin hits you but does no damage. x2; You block the goblin's attack.
The goblin unwields a +0 hunting sling.
The goblin wields a +0 club.
The goblin hits you with a +0 club.
* * * LOW HITPOINT WARNING * * *
The goblin moves out of view.
Unknown command.
Unknown command.
You closely miss the goblin. The goblin hits you.
You die...

.. .# .. ######.
#...... #......## #
#%....gg### ..
[.##...@:g@g.##.#
#..#..g.###g....#
###.... #.<.##.#
#...... #.#....#
..#.... ###g#...###
.......##.g........
###...gl$g#(..#####
#....gg.(.l.(†#
.S#S#####.....###


You could see Terence, Robin and 5 goblins.

Vanquished Creatures
  2 adders (D:2)
  An ooze (D:1)
  2 dart slugs (D:1)
  A leopard gecko (D:1)
  9 goblins
  7 hobgoblins
  A quokka (D:2)
  A ball python (D:1)
  4 bats (D:1)
  5 frilled lizards
  6 kobolds
  2 rats
41 creatures vanquished.

Notes
Turn   | Place    | Note
-------+----------+-------------------------------------------
     0 | D:1      | gruber the Gargoyle Fighter began the quest for the Orb.
     0 | D:1      | Reached XP level 1. HP: 14/14 MP: 1/1
    34 | D:1      | Reached XP level 2. HP: 14/19 MP: 2/2
   171 | D:1      | Reached skill level 3 in Maces & Flails
   220 | D:1      | Reached XP level 3. HP: 16/23 MP: 3/3
   553 | D:2      | Reached skill level 4 in Maces & Flails
   599 | D:2      | Reached XP level 4. HP: 22/28 MP: 4/4
   608 | D:2      | Noticed Robin
   610 | D:2      | Noticed Terence
   615 | D:2      | Slain by a goblin

Levels and vault maps discovered:
D:1:      lightli_arrival_lavapool, layout_basic, skrybe_limestone_x
D:2:      layout_rooms, overflow_temple_1_default, uniq_terence, uniq_robin

Skill      XL: |  1  2  3 |
---------------+----------+-----
Maces & Flails | 3 4 |  4.0
Fighting       | |  3.7
Armour         | |  3.2
Shields        | |  3.2

Action                   |  1- 3 |  4- 6 || total
-------------------------+-------+-------++-------
Melee: Flail             |   120 |    16 ||   136
Armor: Scale mail        |    66 |    24 ||    90
Dodge: Dodged            |    31 |     6 ||    37
Block: Shield            |    62 |    16 ||    78

Table legend:
 A = Non-vault XP
 B = Vault XP
 C = Vault XP percentage of total XP
 D = Non-vault monster count
 E = Vault monster count
 F = Vault count percentage of total count
                 A         B        C        D         E       F
            +---------+---------+-------+---------+---------+-------
      Total |      87 |      14 |  13.9 |      34 |       7 |  17.1
            +---------+---------+-------+---------+---------+-------
        D:1 |      52 |       0 |   0.0 |      26 |       0 |   0.0
        D:2 |      35 |      14 |  28.6 |       8 |       7 |  46.7
            +---------+---------+-------+---------+---------+-------
